 Dungeon Crawl Stone Soup version 0.29.1 (webtiles) character file.

Game seed: 14239204443947883032

49 ragingrage the Magician (level 3, -1/24 HPs)
             Began as a Demonspawn Wanderer on Sept 14, 2022.
             Slain by a jackal (2 damage)
             ... on level 2 of the Dungeon.
             The game lasted 00:01:44 (1553 turns).

ragingrage the Magician (Demonspawn Wanderer)       Turns: 1553, Time: 00:01:44

Health: -1/24      AC:  3    Str:  9    XL:     3   Next: 53%
Magic:  1/8        EV: 12    Int: 19    God:
Gold:   81         SH:  0    Dex: 11    Spells: 5/9 levels left

rFire   . . .      SeeInvis .   a - +0 dagger
rCold   . . .      Faith    .   (no shield)
rNeg    . . .      Spirit   .   d - +0 robe
rPois   .          Reflect  .   (no helmet)
rElec   .          Harm     .   (no cloak)
rCorr   .          Rampage  .   (no gloves)
Will    .....                   b - +0 pair of boots
Stlth   +.........              (no amulet)
HPRegen 0.08/turn               (no ring)
MPRegen 0.11/turn               (no ring)

@: brilliant, very slightly contaminated
A: demonic guardian 1
a: no special abilities


You were on level 2 of the Dungeon.
You visited 1 branch of the dungeon, and saw 2 of its levels.

You collected 81 gold pieces.

Inventory:

Hand Weapons
 a - a +0 dagger (weapon)
Missiles
 m - 3 poisoned darts
Armour
 b - a +0 pair of boots (worn)
 d - a +0 robe (worn)
Wands
 c - a wand of flame (21)
Scrolls
 f - a scroll of summoning {unknown}
 g - a scroll of fear {unknown}
 h - a scroll of butterflies {unknown}
 j - 2 scrolls of teleportation {unknown}
 k - 3 scrolls of identify {unknown}
 n - a scroll of noise {unknown}
 o - a scroll of enchant armour {unknown}
Potions
 e - 2 potions of mutation


   Skills:
 - Level 1.7 Dodging
 - Level 1.0 Stealth
 + Level 3.5 Spellcasting
 + Level 3.3 Summonings
 - Level 2.0 Evocations


You had 5 spell levels left.
You knew the following spells:

 Your Spells              Type           Power      Damage    Failure   Level
a - Summon Small Mammal   Summ           96%        N/A       3%          1
b - Call Canine Familiar  Summ           24%        N/A       11%         3

Your spell library contained the following spells:

 Spells                   Type           Power      Damage    Failure   Level
 Freeze                   Ice            20%        1d4       14%         1
 Frozen Ramparts          Ice            10%        1d2       41%         3
 Summon Lightning Spire   Summ/Air       14%        N/A       58%         4
 Hailstorm                Conj/Ice       5%         3d4       82%         4
 Summon Forest            Summ/Tloc      7%         N/A       90%         5
 Summon Mana Viper        Hex/Summ       14%        N/A       90%         5
 Summon Cactus Giant      Summ           12%        N/A       99%         6


Dungeon Overview and Level Annotations

Branches:
Dungeon (2/15)

Altars:
Xom


Innate Abilities, Weirdness & Mutations

A weak demonic guardian rushes to your aid.


Message History

The jackal closely misses you.
Your ufetubus hits the nameless horror but does no damage.
Your ufetubus hits the nameless horror. The jackal closely misses you.
Your ufetubus hits the nameless horror. x2; The nameless horror hits you.
You feel your power leaking away.
You barely miss the nameless horror.
The nameless horror is heavily damaged.
The jackal bites you but does no damage.
Your ufetubus hits the nameless horror. x2
The nameless horror hits your ufetubus!
Your ufetubus dies!
Your ufetubus disappears in a puff of smoke!
You hit the nameless horror but do no damage.
The nameless horror is almost destroyed.
The jackal bites you. The jackal barely misses you.
The nameless horror hits you!
You feel your power leaking away.
You completely miss the nameless horror.
The nameless horror is almost destroyed.
The jackal closely misses you. The nameless horror closely misses you.
You hit the nameless horror but do no damage.
The nameless horror is almost destroyed.
The jackal closely misses you. The nameless horror hits you!
* * * LOW HITPOINT WARNING * * *
You barely miss the nameless horror.
The nameless horror is almost destroyed.
The jackal closely misses you.
The jackal bites you but does no damage.
The nameless horror misses you.
It was a potion of brilliance.
You feel clever all of a sudden. The jackal closely misses you.
The nameless horror hits you but does no damage.
Unknown command.
You hit the nameless horror but do no damage.
The nameless horror is almost destroyed.
The jackal bites you.
* * * LOW HITPOINT WARNING * * *
The jackal bites you.
You die...

###########
#############.........#
......hh@X.##.........#
##########.##.........#
#.##.........##
#.#....>......##
#.#.............
#>....)†.....)..
#..#####.##..._.
#...#......# ...
#.#.#......#....


You could see a nameless horror and 2 jackals.

Vanquished Creatures
  A giant cockroach (D:1)
  A hobgoblin (D:2)
  2 jackals
  A quokka (D:1)
  A bat (D:1)
  A frilled lizard (D:1)
  A rat (D:1)
8 creatures vanquished.

Vanquished Creatures (collateral kills)
  2 adders
  4 ball pythons
  3 endoplasms
  A giant cockroach (D:1)
  4 hobgoblins
  A jackal (D:2)
  2 quokkas
  A bat (D:2)
  2 rats
20 creatures vanquished.

Grand Total: 28 creatures vanquished

Notes
Turn   | Place    | Note
-------+----------+-------------------------------------------
     0 | D:1      | ragingrage the Demonspawn Wanderer began the quest for the
                  | Orb.
     0 | D:1      | ragingrage set off with the following items: a +0 dagger, a
                  | +0 pair of boots, a potion of curing, a +0 robe, a potion
                  | of mutation; and the following spell memorised: Summon
                  | Small Mammal; and the following spells available to
                  | memorise: Call Canine Familiar, Summon Lightning Spire.
     0 | D:1      | Reached XP level 1. HP: 13/13 MP: 4/4
    48 | D:1      | Noticed a great orb of eyes
    51 | D:1      | Found a faded altar of an unknown god.
    53 | D:1      | Noticed a shining eye
    73 | D:1      | Noticed an eye of devastation
    73 | D:1      | Noticed a great orb of eyes
   319 | D:1      | Gained mutation: A weak demonic guardian rushes to your
                  | aid. [demonic ancestry]
   319 | D:1      | Reached XP level 2. HP: 19/19 MP: 3/6
   931 | D:1      | Reached XP level 3. HP: 11/24 MP: 2/7
  1138 | D:2      | Learned a level 3 spell: Call Canine Familiar
  1321 | D:2      | Found a shimmering altar of Xom.
  1544 | D:2      | Noticed a nameless horror
  1553 | D:2      | HP: 1/24 [jackal (2)]
  1553 | D:2      | Slain by a jackal

Illustrated notes

Levels and vault maps discovered:
D:1:      evilmike_arrival_crescent, layout_basic,
          hellmonk_ecumenical_altar_watching_god, minmay_misc_feat_chi,
          minmay_tripent
D:2:      layout_rooms, basic_altar, cheibrodos_gnoll_hut

Skill      XL: |  1  2 |
---------------+-------+-----
Summonings     | 3 |  3.3
Dodging        | |  1.7
Stealth        | |  1.0
Spellcasting   | |  3.5
Evocations     | |  2.0

Action                   || total
-------------------------++-------
Melee: Dagger            ||    85
 Cast: Summon Small Mamm ||    28
  Use: Potion            ||     4
 Stab: Sleeping          ||     1
       Distracted        ||     1
Armor: Robe              ||    36
Dodge: Dodged            ||    77
